 Dungeon Crawl Stone Soup version 0.21.1-1-g345015f (console) character file.

98 fly the Cudgeler (level 5, -5/38 HPs)
             Began as a Human Skald on June 5, 2018.
             Slain by an orc
             ... wielding a +0 whip
              (6 damage)
             ... on level 2 of the Dungeon.
             The game lasted 00:02:32 (1729 turns).

fly the Cudgeler (Human Skald)                      Turns: 1729, Time: 00:02:32

Health: -5/38      AC:  3    Str: 13    XL:     5   Next: 1%
Magic:  4/8        EV:  9    Int: 13    God:
Gold:   68         SH:  0    Dex: 12    Spells: 7/8 levels left

rFire    x . .     SeeInvis .   a - +0 mace
rCold    + . .     Gourm    .   (no shield)
rNeg     . . .     Faith    .   b - +0 leather armour
rPois    .         Spirit   .   (no helmet)
rElec    .         Reflect  .   (no cloak)
rCorr    .         Harm     .   (no gloves)
MR       .....                  (no boots)
Stlth    +.........             (no amulet)
HPRegen  0.12/turn              h - ring of ice
MPRegen  0.11/turn              o - -3 ring of evasion (curse)

@: infused
A: no striking features
a: no special abilities


You were on level 2 of the Dungeon.
You were not hungry.

You visited 1 branch of the dungeon, and saw 2 of its levels.

You collected 68 gold pieces.

Inventory:

Hand Weapons
 a - a +0 mace (weapon)
Armour
 b - a +0 leather armour (worn)
Jewellery
 h - a ring of ice (left hand)
 o - a cursed -3 ring of evasion (right hand)
Scrolls
 e - a scroll of enchant armour {unknown}
 i - a scroll of amnesia {unknown}
 j - a scroll of magic mapping
 l - 2 scrolls of immolation {unknown}
 n - a scroll of identify {unknown}
 p - a scroll of random uselessness {unknown}
 r - a scroll of remove curse {unknown}
Potions
 f - a potion of might {unknown}
 g - a potion of agility {unknown}
 k - a potion of lignification
 m - a potion of haste {unknown}
Books
 c - a book of Battle

   Spells                             Type                      Level
   a - Infusion                       Charms                       1
   b - Shroud of Golubria             Charms/Translocation         2
   c - Song of Slaying                Charms                       2
   d - Spectral Weapon                Hexes/Charms                 3
   e - Regeneration                   Charms/Necromancy            3
Comestibles
 d - 5 rations


   Skills:
 - Level 2.0 Fighting
 + Level 4.7 Maces & Flails
 - Level 1.0 Armour
 - Level 2.0 Dodging
 - Level 2.0 Spellcasting
 - Level 3.0 Charms


You had 7 spell levels left.
You knew the following spells:

 Your Spells              Type           Power        Failure   Level  Hunger
z - Infusion              Chrm           #...         10%         1    ##.....


Dungeon Overview and Level Annotations

Branches:
Dungeon (2/15)

Altars:


Message History

* * * LOW HITPOINT WARNING * * *
You closely miss the hobgoblin. The hobgoblin closely misses you.
The orc barely misses you.
Unknown command.
You hit the hobgoblin.
The hobgoblin is almost dead.
The hobgoblin hits you with a club.
* * * LOW HITPOINT WARNING * * *
The orc barely misses you.
Unknown command.
You closely miss the hobgoblin.
The hobgoblin is almost dead.
The hobgoblin barely misses you.
Unknown command.
You barely miss the hobgoblin.
The hobgoblin is almost dead.
The orc misses you. The hobgoblin hits you with a club.
* * * LOW HITPOINT WARNING * * *
The orc closely misses you. The orc hits you with a whip.
You die...

#.......## ***##*********,*
.........# *,* #######..#
*,* #.......# *,* #.###...#
*,* *,* #...###### *,* *,*
#........## *,* *,*
#...###...#### *,*
**,**#.........g@o# *,*
,,,,...##.....###o# *,*
,*,##..###8####o..#*******,*
,*,....#.###.#o.#.......,,,*
,*..##.#..###..##.######**,*
,*..#......(.o.##..,,,,,,,,*
,*,,*#.#..#...###.##******,*
,*,,**,#....(.#,#.# *,*
,*,,**,##.8###.##.# *,*


You could see 2 orcs and a hobgoblin.

Vanquished Creatures
  3 adders (D:2)
  An ooze (D:1)
  An adder skeleton (D:2)
  A worm (D:2)
  2 dart slugs
  2 leopard geckos
  3 orcs (D:2)
  3 ball pythons
  4 bats
  A giant cockroach (D:2)
  6 goblins
  8 hobgoblins
  3 jackals (D:2)
  7 frilled lizards
  5 kobolds
  4 rats
54 creatures vanquished.

Vanquished Creatures (others)
  4 toadstools (D:1)
4 creatures vanquished.

Grand Total: 58 creatures vanquished

Notes
Turn   | Place    | Note
-------+----------+-------------------------------------------
     0 | D:1      | fly the Human Skald began the quest for the Orb.
     0 | D:1      | Reached XP level 1. HP: 16/16 MP: 3/3
   111 | D:1      | Reached XP level 2. HP: 20/22 MP: 5/5
   303 | D:1      | Reached skill level 3 in Maces & Flails
   467 | D:1      | Reached XP level 3. HP: 24/27 MP: 6/6
  1007 | D:2      | Reached skill level 4 in Maces & Flails
  1007 | D:2      | Reached XP level 4. HP: 9/33 MP: 0/7
  1725 | D:2      | Reached XP level 5. HP: 7/38 MP: 4/8
  1729 | D:2      | HP: 1/38 [hobgoblin/club (3)]
  1729 | D:2      | Slain by an orc

Skill      XL: |  1  2  3 |
---------------+----------+-----
Maces & Flails | 3 4 |  4.7
Fighting       | |  2.0
Armour         | |  1.0
Dodging        | |  2.0
Spellcasting   | |  2.0
Charms         | |  3.0

Action                   |  1- 3 |  4- 6 || total
-------------------------+-------+-------++-------
Melee: Mace              |    90 |    83 ||   173
 Cast: Infusion          |     4 |     7 ||    11
  Use: Potion            |     1 |     1 ||     2
       Scroll            |     1 |       ||     1
  Eat: Chunk             |       |     3 ||     3
Armor: Leather armour    |    13 |    33 ||    46
       Skin              |    20 |       ||    20
Dodge: Dodged            |    47 |    56 ||   103
